Elenmirie, neutral female gnomish Healer ----..---..-.-- ` .---------- ----------- ##-..........u..|# *##-...<..[./| |..........# ###..............@j####..))..)...| |.........|# ## #####-.............| # ##.*._...*[*| |.........|# # ### |...F.........-#####-.)**.....| |.........|#### # ------..--.--.- ##...(......| -|--.------## # ######### # -.-.--|---- -------- ## ### # # # # # # |......| # ## # ### # # |.......# ### ## # # # # |......|# ---.--------## # # -..-- # ---..---- |.....(|### |...........## # # ....-# # |...^..[| -------- # |..........| ########## # ....|# -------# |.......| ###|..........| # ----|-# |...|### |.)....# |..|....| #......)....| # |....|# ----- # |.....| --------- ------------ # |....-# ###|....>| ##.....| #......| ------ ------- Elenmirie the Embalmer Experience level: 9 Strength: 15 Dexterity: 16 Constitution: 18 Intelligence: 9 Wisdom: 17 Charisma: 17 Health: 0(72) Energy: 83(83) Def: 16 Gold: 38 Moves: 17779 Dungeon seed: 3FzkBdNAtG-0iD7Z Game ID: Elenmirie_1654799437 Your Inventory: Coins $ - 38 gold pieces Amulets h - an uncursed amulet of reflection (being worn) Weapons b - a blessed +1 elven dagger (weapon in hand) d - an uncursed +0 elven dagger o - 3 uncursed +0 orcish daggers r - 2 uncursed poisoned +1 darts (in quiver) E - 5 uncursed +0 daggers O - a blessed +1 orcish dagger Armor g - an uncursed +0 pair of elven boots (being worn) i - an uncursed +0 elven leather helm (being worn) k - an uncursed +1 pair of leather gloves (being worn) y - a blessed +0 studded leather armor (being worn) Y - an uncursed +0 cloak of displacement (being worn) Comestibles z - an uncursed floating eye corpse L - an uncursed lizard corpse Rings n - a cursed ring of polymorph F - a cursed ring of sustain ability G - an uncursed ring of free action K - a cursed ring of levitation T - an uncursed ring of regeneration V - an uncursed ring of conflict Wands f - an uncursed wand of sleep (0:8) A - an uncursed wand of cold (0:7) D - an uncursed wand of fire (0:0) H - a cursed wand of digging (0:4) I - an uncursed wand of locking (0:3) M - an uncursed wand of make invisible (0:3) U - an uncursed wand of sleep (0:2) Z - an uncursed wand of speed monster (0:3) Tools e - an uncursed skeleton key t - an uncursed tinning kit (0:66) u - an uncursed +0 unicorn horn w - a blessed bag of holding x - an uncursed towel P - an uncursed stethoscope Gems q - an uncursed flint stone Contents of the bag of holding: 2762 gold pieces an uncursed +0 long sword a blessed +0 scalpel an uncursed +0 elven leather helm an uncursed +0 pair of gauntlets of dexterity an uncursed apple an uncursed clove of garlic 2 uncursed food rations 2 uncursed fortune cookies 2 uncursed tripe rations 9 uncursed scrolls of blank paper an uncursed scroll of create monster an uncursed scroll of earth a cursed scroll of earth a cursed scroll of enchant weapon an uncursed scroll of identify an uncursed scroll of light an uncursed scroll of magic mapping a blessed scroll of teleportation an uncursed spellbook of light a cursed potion of blindness an uncursed potion of extra healing an uncursed potion of gain energy an uncursed potion of healing 4 potions of holy water a cursed potion of object detection an uncursed potion of see invisible an uncursed potion of speed a potion of unholy water an uncursed wand of slow monster (0:3) an uncursed wand of speed monster (0:5) an uncursed oil lamp (0:0) an uncursed +0 pick-axe an uncursed sack 7 uncursed tallow candles (0:200) Spells and supernatural/magical abilities: Name Level Category Fail Memory h - healing 1 healing 0% 12% x - extra healing 3 healing 0% 12% S - stone to flesh 3 healing 0% 12% W - pray for help -- divine ? -- Your skills at the end: Fighting Skills Weapon Skills dagger [Skilled] knife [Basic] Spellcasting Skills healing spells [Basic] Final Attributes: You were piously aligned. You were cold resistant. You were poison resistant. You were telepathic. You had infravision. You were displaced. You were stealthy. You were protected. You were fast. You had reflection. You were very lucky. You are dead. Vanquished creatures: 2 ghosts 2 giant mimics a large mimic a water demon 2 small mimics 2 chameleons 3 giant beetles a quivering blob a wolf 6 leprechauns an iron piercer a mumak 3 black lights a vampire bat an orc mummy 3 dwarf mummies 5 brown puddings an owlbear a yeti a werewolf a Green-elf a lizard a chickatrice a dog 2 dingos a housecat 3 jaguars a white unicorn 2 gnome mummies 2 snakes 11 water moccasins 2 apes 4 Woodland-elves 3 soldier ants a fire ant a bugbear 2 imps a wood nymph 3 water nymphs 5 Uruk-hai 3 orc shamans a rock piercer 5 rock moles 3 yellow lights 3 shriekers 3 violet fungi a gnome lord 2 kobold mummies 5 elf zombies a ghoul 2 straw golems 3 paper golems 3 giant ants 2 little dogs 7 floating eyes 3 dwarves 3 homunculi 2 kobold lords 11 hill orcs 8 rothes a rabid rat a centipede 9 giant bats 7 orc zombies 8 dwarf zombies a werejackal 6 iguanas 9 killer bees 9 coyotes a gas spore 13 hobbits 7 manes 3 large kobolds 2 hobgoblins 6 giant rats 17 cave spiders 4 brown molds 2 yellow molds a green mold 2 red molds 9 gnomes 3 gnome zombies 9 geckos 15 jackals 6 foxes 4 kobolds 7 goblins 15 sewer rats 15 grid bugs 5 bats 8 lichens 3 kobold zombies 10 newts 376 creatures vanquished. Voluntary challenges: You had been an atheist until turn 2208. You used a wielded weapon 693 times, starting on turn 488. You were illiterate. You never genocided any monsters. You never polymorphed an object. You never changed form. You used no wishes. You split 3 puddings, starting on turn 6107. You never wrote Elbereth's name. You violated your moral code, losing 11 points of alignment, starting on turn 1884. Dungeon overview: The Dungeons of Doom: levels 1 to 7 Level 1 a long staircase Level 2 Level 3 a delicatessen Level 4 stairs to The Gnomish Mines Level 5 <- You were here an altar to Hermes Level 6 some fountains Level 7 a fountain stairs to Sokoban The Gnomish Mines: levels 5 to 8 Level 5 stairs to The Dungeons of Doom Level 6 Level 7 Level 8 many shops, a temple to Athena, some fountains Sokoban: levels 3 to 6 Level 3 Level 4 Level 5 Level 6 stairs to The Dungeons of Doom History has recorded: On T:1 you entered the Dungeons of Doom to retrieve the Amulet of Yendor! On T:411 you reached level 2 of The Dungeons of Doom. On T:824 you reached level 3 of The Dungeons of Doom. On T:1141 you reached level 4 of The Dungeons of Doom. On T:1350 you reached level 1 of The Gnomish Mines. On T:1677 you reached level 2 of The Gnomish Mines. On T:2088 you reached level 3 of The Gnomish Mines. On T:2115 you reached level 4 of The Gnomish Mines. On T:2534 you advanced to experience level 2. On T:2560 you advanced to experience level 3. On T:2718 you advanced to experience level 4. On T:3180 you advanced to experience level 5. On T:4449 you advanced to experience level 6. On T:4617 you reached level 5 of The Dungeons of Doom. On T:4640 you reached level 6 of The Dungeons of Doom. On T:5955 you advanced to experience level 7. On T:7174 you reached level 7 of The Dungeons of Doom. On T:7437 you reached level 4 of Sokoban. On T:7693 you advanced to experience level 8. On T:7712 you reached level 3 of Sokoban. On T:8356 you reached level 2 of Sokoban. On T:8642 you reached level 1 of Sokoban. On T:13781 you advanced to experience level 9. Score breakdown: Gold: 1263 (10551 points) Experience: 9 levels (15756 points) Exploration: 8 levels ( 16.00%) (11338 points) Discoveries: 20 items ( 6.85%) ( 7851 points) Valuables value: (no points given unless you survive) Artifact value: 0 ( 0 points) Variety of kills: 93 monsters ( 24.41%) (14821 points) Turncount: 17779 turns (-3228 points) Survival: died (score multiplied by 80%) Total score: 45671 Latest messages: You hear the footsteps of a guard on patrol. You hear someone searching. You finish searching. You see here 17 rocks. You hit the floating eye! You kill the floating eye! You see here a floating eye corpse. z - a floating eye corpse. Where do you want to travel to? A spotted jelly blocks your way. You hit the spotted jelly. Your runed dagger is not affected. You hit the spotted jelly. You are splashed by the spotted jelly's acid! You hit the spotted jelly. You are splashed by the spotted jelly's acid! You hit the spotted jelly! You are splashed by the spotted jelly's acid! You die... The sack is empty. The sack is empty. Final status: Goodbye Elenmirie the Healer, killed by a spotted jelly... You died in The Dungeons of Doom on dungeon level 5 with 45671 points, and 2800 pieces of gold, after 17779 moves. You were level 9 with a maximum of 72 hit points when you died.